 Dungeon Crawl Stone Soup version 0.32-a0-673-g3729bd50f8 (webtiles) character file.

Game seed: 5601579882857046896

4 TombstoneGhost the Grave Robber (level 1, 0/14 HPs)
             Began as a Ghoul Necromancer on Mar 11, 2024.
             Slain by a kobold
             ... wielding a +0 club
              (1 damage)
             ... on level 1 of the Dungeon.
             The game lasted 00:04:43 (346 turns).

TombstoneGhost the Grave Robber (Ghoul Necromancer)  Turns: 346, Time: 00:04:43

Health: 0/14       AC:  2    Str: 11    XL:     1   Next: 60%
Magic:  2/3        EV: 12    Int: 14    God:
Gold:   16         SH:  0    Dex:  9    Spells: 2/3 levels left

rFire   . . .        d - +0 dagger
rCold   + . .        (no shield)
rNeg    + + +        a - +0 robe
rPois   ∞            (no helmet)
rElec   .            (no cloak)
rCorr   .            (no gloves)
SInv    .            (no boots)
Will    .....        (no amulet)
Stlth   ++           (no ring)
HPRegen 0.00/turn    (no ring)
MPRegen 0.08/turn

%: no passive effects
@: inhibited regen
A: claws 1, cold resistance 1, negative energy resistance 3, inhibited
regeneration, torment resistance 2, devour on kill
a: no special abilities


You were on level 1 of the Dungeon.
You visited 1 branch of the dungeon, and saw 1 of its levels.

You collected 16 gold pieces.

Inventory:

Hand Weapons
 d - a +0 dagger (weapon)
Armour
 a - a +0 robe (worn)
Potions
 b - a potion of magic
 c - a potion of ambrosia {unknown}
 e - a potion of invisibility {unknown}


   Skills:
 + Level 1.7 Dodging
 + Level 2.1 Stealth
 + Level 1.7 Spellcasting
 + Level 4.2 Necromancy


You had 2 spell levels left.
You knew the following spells:

 Your Spells              Type           Power      Damage    Failure   Level
a - Necrotise             Necr           52%        1d6       4%          1

Your spell library contained the following spells:

 Spells                   Type           Power      Damage    Failure   Level
 Vampiric Draining        Necr           13%        2d6       13%         3
 Animate Dead             Necr           13%        N/A       38%         4
 Curse of Agony           Necr           13%        N/A       75%         5


Dungeon Overview and Level Annotations

Branches:
Dungeon (1/15)

Altars:


Innate Abilities, Weirdness & Mutations

You are immune to poison.
You have sharp fingernails.
Your flesh is cold resistant. (rC+)
You are immune to negative energy. (rN+++)
You do not regenerate when monsters are visible.
You are immune to unholy pain and torment.
You thrive by killing the living.


Message History

The bat attacks as it pursues you! The bat closely misses you.
The bat barely misses you. The bat hits you but does no damage.
You closely miss the bat.
The bat is heavily wounded.
The bat closely misses you.
You miss the bat.
The bat is heavily wounded.
The bat barely misses you. The bat hits you but does no damage.
You barely miss the bat.
The bat is heavily wounded.
The bat hits you.
You closely miss the bat.
The bat is heavily wounded.
The bat barely misses you.
You barely miss the bat.
The bat is heavily wounded.
The bat closely misses you.
You barely miss the bat.
The bat is heavily wounded.
The bat misses you.
The kobold throws a stone.
The stone hits you.
You closely miss the bat.
The bat is heavily wounded.
The bat hits you but does no damage.
You hit the bat but do no damage.
The bat is heavily wounded.
The bat misses you. The bat hits you. The kobold hits you but does no damage.
You closely miss the bat.
The bat is heavily wounded.
The bat closely misses you. The bat hits you.
The kobold hits you with a +0 club. The kobold hits you with a +0 club.
* * * LOW HITPOINT WARNING * * *
You barely miss the bat.
The bat is heavily wounded.
The bat hits you but does no damage. The kobold hits you with a +0 club.
* * * LOW HITPOINT WARNING * * *
The bat misses you. The kobold attacks as it pursues you!
The kobold hits you with a +0 club.
You die...

######## ##......#
##...###.#######
###..#+#..........
#b...# #..........
#.#.##+#.#..#..#..
#K#....+..§.......
#@#.####.ß........
#.#....+..≈.......
#..>##+#.#..#..#..
####.# #..........
#....# ..........
#..##....#
.####### #...
......... #.#
b..#...#.# #
....##....


You could see a bat and a kobold.

Vanquished Creatures
  An endoplasm (D:1)
  A giant cockroach (D:1)
  A goblin (D:1)
3 creatures vanquished.

Notes
Turn   | Place    | Note
-------+----------+-------------------------------------------
     0 | D:1      | TombstoneGhost the Ghoul Necromancer began the quest for
                  | the Orb.
     0 | D:1      | Reached XP level 1. HP: 14/14 MP: 3/3
   346 | D:1      | Slain by a kobold

Illustrated notes

Levels and vault maps discovered:
D:1:      shiori_arrival_oz, layout_basic, chequers_mini_garden

Action                     || total
---------------------------++-------
  Melee: Dagger            ||    13
         Unarmed           ||    12
   Cast: Necrotise         ||     6
 Armour: Robe              ||    20
  Dodge: Dodged            ||    19

Table legend: (Time is in decaauts)
 A = Elapsed time spent in this place.
 B = Non-inter-level travel time spent in this place.
 C = Inter-level travel time spent in this place.
 D = Time resting spent in this place.
 E = Time spent auto-exploring this place.
 F = Levels seen in this place.
 G = Mean time per level.
                   A        B        C        D        E       F      G
               +--------+--------+--------+--------+--------+-----+--------+
         Total |    345 |    345 |      0 |    252 |      0 |   1 |  345.0 |
       Dungeon |    345 |    345 |      0 |    252 |      0 |   1 |  345.0 |
               +--------+--------+--------+--------+--------+-----+--------+

Top non-repeatable levels by time:
     D:1: 345 daAuts
